 Dungeon Crawl Stone Soup version 0.18-a0-1570-gf60b0ab (webtiles) character file.

16 nubinia the Firebug (level 2, 0/20 HPs)
             Began as a Draconian Fire Elementalist on Mar 14, 2016.
             Slain by a giant gecko (2 damage)
             ... on level 1 of the Dungeon.
             The game lasted 00:02:32 (700 turns).

nubinia the Firebug (Draconian Fire Elementalist)    Turns: 700, Time: 00:02:32

Health: 0/20       AC:  4    Str: 10    XL:     2   Next: 37%
Magic:  3/5        EV: 12    Int: 15    God:
Gold:   27         SH:  0    Dex: 11    Spells: 2 memorised, 2 levels left

rFire  . . .     SeeInvis .     e - +0 club
rCold  . . .     Gourm    .     (armour unavailable)
rNeg   . . .     Faith    .     (no shield)
rPois  .         Spirit   .     (helmet restricted)
rElec  .         Dismiss  .     (no cloak)
rCorr  .         Reflect  .     (no gloves)
SustAt .         Harm     .     (no boots)
MR     .....                    (no amulet)
Stlth  ++........               (no ring)
                                (no ring)

@: not resistant to hostile enchantments, unstealthy
A: unfitting armour, cold-blooded, AC +4
a: no special abilities


You were on level 1 of the Dungeon.
You were not hungry.

You visited 1 branch of the dungeon, and saw 1 of its levels.

You collected 27 gold pieces.

Inventory:

Hand Weapons
 e - a +0 club (weapon)
Scrolls
 c - 2 scrolls of identify {unknown}
 g - a scroll of recharging {unknown}
Potions
 d - 2 potions of curing {unknown}
Books
 a - a book of Flames

   Spells                             Type                      Level
   a - Flame Tongue                   Conjuration/Fire             1
   b - Throw Flame                    Conjuration/Fire             2
   c - Conjure Flame                  Conjuration/Fire             3
   d - Inner Flame                    Hexes/Fire                   3
   e - Sticky Flame                   Conjuration/Fire             4
   f - Fireball                       Conjuration/Fire             5
Comestibles
 b - a bread ration
 f - a fruit


   Skills:
 + Level 1.9 Dodging
 + Level 1.8 Stealth
 + Level 2.2 Spellcasting
 + Level 1.2 Conjurations
 + Level 3.4 Fire Magic


You had 2 spell levels left.
You knew the following spells:

 Your Spells              Type           Power        Failure   Level  Hunger
a - Flame Tongue          Conj/Fire      #....        12%         1    #......
b - Throw Flame           Conj/Fire      #.....       14%         2    ###....


Dungeon Overview and Level Annotations

Branches:
Dungeon (1/15)

Altars:
Nemelex Xobeh


Innate Abilities, Weirdness & Mutations

Your plain brown scales are hard (AC +4).
Your body does not fit into most forms of armour.
You are cold-blooded and may be slowed by cold attacks.


Message History

You hit the giant gecko.
Your tail-slap misses the giant gecko.
The giant gecko is severely wounded.
The giant gecko bites you.
The giant gecko bites you but does no damage.
You miss the giant gecko.
The giant gecko is severely wounded.
The giant gecko closely misses you.
You completely miss the giant gecko.
The giant gecko is severely wounded.
The giant gecko barely misses you. The giant gecko bites you.
You hit the giant gecko but do no damage.
Your tail-slap misses the giant gecko.
The giant gecko is severely wounded.
The giant gecko barely misses you. The dart slug launches a dart at you.
The slug dart hits you!
* * * LOW HITPOINT WARNING * * *
The giant gecko barely misses you. The giant gecko bites you.
You die...

#..........###.#.##...
#......###.......#....
#......###.####.##....
#.....................
#...........##...#....
#####.......##...#..##
#.......w.........
#.l.....####)#..##
#@................
......).....#.####......
#.#...#######.#.........
#... ..#.#....... #..
..#.#....... ....
..#.#....### ....
........... ###.
###.#.#.### ......#.###


You could see a dart slug and a giant gecko.

Vanquished Creatures
  A giant gecko (D:1)
  A giant cockroach (D:1)
  5 goblins (D:1)
  2 hobgoblins (D:1)
  A kobold (D:1)
  2 bats (D:1)
  A rat (D:1)
13 creatures vanquished.

Notes
Turn   | Place    | Note
--------------------------------------------------------------
     0 | D:1      | nubinia the Draconian Fire Elementalist began the quest for the Orb.
     0 | D:1      | Reached XP level 1. HP: 14/14 MP: 3/3
   255 | D:1      | Reached XP level 2. HP: 12/20 MP: 1/5
   388 | D:1      | Learned a level 2 spell: Throw Flame
   544 | D:1      | Found a sparkling altar of Nemelex Xobeh.
   700 | D:1      | Slain by a giant gecko

Vault maps used:
D:1:      erik_arrival_blinker_ship, minivault_14, nemelex_deck

Action                   || total
-------------------------++-------
Melee: Club              ||    20
       Unarmed           ||     7
 Cast: Flame Tongue      ||    14
       Throw Flame       ||     3
